| TOP OF THE 1ST |
|
Oklahoma State University Cowboys batting - Pitching for Ohio State University Buckeyes : RHP Zinedine Lahlafi
|
|
Pitching: RHP Zinedine Lahlafi
|
|
|
Batting: RHB Settan Nakamura
|
0-0: Called Strike 0-1: Bunt for hit to 5S - play at first, batter safe!
|
|
Batting: RHB Ji-an See-to
|
0-0: Called Strike 0-1: Called Strike 0-2: Ball 1-2: Ball 2-2: Foul Ball, location: 2F 2-2: Foul Ball, location: 2F 2-2: Foul Ball, location: 2F 2-2: Ball 3-2: Foul Ball, location: 2F 3-2: Base on Balls Settan Nakamura to second
|
|
Batting: RHB Ben Saxton
|
0-0: Called Strike 0-1: Ball 1-1: Called Strike 1-2: Ball 2-2: Ball 3-2: Strikes out looking
|
|
Batting: LHB Rafael Banda
|
0-0: Ball 1-0: Grounds into double play, 4-6-3 (Groundball, 4, EV 106.2 MPH)
|
| Top of the 1st over - 0 runs, 1 hit, 0 errors, 1 left on base; Oklahoma State University 0 - Ohio State University 0 |
| BOTTOM OF THE 1ST |
|
Ohio State University Buckeyes batting - Pitching for Oklahoma State University Cowboys : RHP Justin Rubino
|
|
Pitching: RHP Justin Rubino
|
|
|
Batting: RHB Hikaru Nakata
|
0-0: Ball 1-0: Ground out 5-3 (Groundball, 5L, EV 88.1 MPH)
|
|
Batting: RHB Aaron Burnet
|
0-0: Ground out 6-3 (Groundball, 6, EV 82.5 MPH)
|
|
Batting: SHB Ken Griffey IV
|
0-0: Called Strike 0-1: Fly out, F8 (Line Drive, 8LM, EV 96.9 MPH)
|
| Bottom of the 1st over - 0 runs, 0 hits, 0 errors, 0 left on base; Oklahoma State University 0 - Ohio State University 0 |
| TOP OF THE 2ND |
|
Oklahoma State University Cowboys batting - Pitching for Ohio State University Buckeyes : RHP Zinedine Lahlafi
|
|
Batting: RHB Masakuni Takeuchi
|
0-0: Ball 1-0: Foul Ball, location: 2F 1-1: Ball 2-1: Foul Ball, location: 2F 2-2: Strikes out swinging
|
|
Batting: LHB Vecdi Ertegun
|
0-0: Foul Ball, location: 2F 0-1: Ball 1-1: Ball 2-1: Foul Ball, location: 2F 2-2: Foul Ball, location: 2F 2-2: Ball 3-2: Strikes out swinging
|
|
Batting: RHB Pedro Luera
|
0-0: Ball 1-0: Foul Ball, location: 2F 1-1: Fly out, F7 (Flyball, 7LS, EV 90.0 MPH)
|
| Top of the 2nd over - 0 runs, 0 hits, 0 errors, 0 left on base; Oklahoma State University 0 - Ohio State University 0 |
| BOTTOM OF THE 2ND |
|
Ohio State University Buckeyes batting - Pitching for Oklahoma State University Cowboys : RHP Justin Rubino
|
|
Batting: LHB Ben Roth
|
0-0: Called Strike 0-1: Ball 1-1: Called Strike 1-2: Ball 2-2: Foul Ball, location: 2F 2-2: Ball 3-2: Strikes out looking
|
|
Batting: RHB Hugo Chavez
|
0-0: Called Strike 0-1: Ball 1-1: Ball 2-1: Called Strike 2-2: Foul Ball, location: 2F 2-2: Fly out, F9 (Flyball, 89M, EV 82.5 MPH)
|
|
Batting: RHB Michihisa Tanaka
|
0-0: Called Strike 0-1: Called Strike 0-2: Ball 1-2: Hit by Pitch
|
|
Batting: RHB Jeff Standridge
|
0-0: Called Strike 0-1: Ball 1-1: Ball 2-1: Called Strike 2-2: 2-RUN HOME RUN (Flyball, 9D, EV 98.1 MPH), Distance : 375 ft
|
|
Batting: RHB John Britton
|
0-0: Ball 1-0: Ball 2-0: Ball 3-0: Called Strike 3-1: Called Strike 3-2: Strikes out swinging
|
| Bottom of the 2nd over - 2 runs, 1 hit, 0 errors, 0 left on base; Oklahoma State University 0 - Ohio State University 2 |
| TOP OF THE 3RD |
|
Oklahoma State University Cowboys batting - Pitching for Ohio State University Buckeyes : RHP Zinedine Lahlafi
|
|
Batting: LHB Gong Tow
|
0-0: Ball 1-0: Fly out, F7 (Flyball, 7, EV 81.9 MPH)
|
|
Batting: LHB Jose Peralez
|
0-0: Swinging Strike 0-1: Foul Ball, location: 2F 0-2: Ball 1-2: Strikes out looking
|
|
Batting: RHB Settan Nakamura
|
0-0: Ball 1-0: Foul Ball, location: 2F 1-1: Foul Ball, location: 2F 1-2: Strikes out swinging
|
| Top of the 3rd over - 0 runs, 0 hits, 0 errors, 0 left on base; Oklahoma State University 0 - Ohio State University 2 |
| BOTTOM OF THE 3RD |
|
Ohio State University Buckeyes batting - Pitching for Oklahoma State University Cowboys : RHP Justin Rubino
|
|
Batting: RHB Dave Villarreal
|
0-0: Ball 1-0: Ground out 6-3 (Groundball, 6MS, EV 68.8 MPH)
|
|
Batting: RHB Hikaru Nakata
|
0-0: Fly out, F5 (Popup, 5SF, EV 75.6 MPH)
|
|
Batting: RHB Aaron Burnet
|
0-0: SINGLE (Flyball, 8LS, EV 91.2 MPH) - OUT at second base trying to stretch hit.
|
| Bottom of the 3rd over - 0 runs, 1 hit, 0 errors, 0 left on base; Oklahoma State University 0 - Ohio State University 2 |
| TOP OF THE 4TH |
|
Oklahoma State University Cowboys batting - Pitching for Ohio State University Buckeyes : RHP Zinedine Lahlafi
|
|
Batting: RHB Ji-an See-to
|
0-0: Ball 1-0: Foul Ball, location: 2F 1-1: Called Strike 1-2: Strikes out swinging
|
|
Batting: RHB Ben Saxton
|
0-0: Ball 1-0: Fly out, F8 (Flyball, 8LD, EV 98.8 MPH)
|
|
Batting: LHB Rafael Banda
|
0-0: Ball 1-0: Ball 2-0: Ball 3-0: Base on Balls
|
|
Batting: RHB Masakuni Takeuchi
|
0-0: Ball 1-0: Fielders Choice at 2nd, 6-4 (Groundball, 6, EV 106.2 MPH)
|
| Top of the 4th over - 0 runs, 0 hits, 0 errors, 1 left on base; Oklahoma State University 0 - Ohio State University 2 |
| BOTTOM OF THE 4TH |
|
Ohio State University Buckeyes batting - Pitching for Oklahoma State University Cowboys : RHP Justin Rubino
|
|
Batting: SHB Ken Griffey IV
|
0-0: Foul Ball, location: 2F 0-1: Ball 1-1: Fly out, F8 (Flyball, 8LD, EV 96.9 MPH)
|
|
Batting: LHB Ben Roth
|
0-0: Ball 1-0: Foul Ball, location: 2F 1-1: Called Strike 1-2: SINGLE (Groundball, 34D, EV 105.0 MPH)
|
|
Batting: RHB Hugo Chavez
|
0-0: Ball 1-0: Ball 2-0: Foul Ball, location: 2F 2-1: Called Strike 2-2: Strikes out looking
|
|
Batting: RHB Michihisa Tanaka
|
0-0: Ball 1-0: Reached on error, E8 (Flyball, 8LXD, EV 95.6 MPH) Ben Roth to third
|
|
Batting: RHB Jeff Standridge
|
0-0: Ball 1-0: Ball 2-0: Called Strike 2-1: Ball 3-1: Ground out 5-3 (Groundball, 56, EV 93.1 MPH)
|
| Bottom of the 4th over - 0 runs, 1 hit, 1 error, 2 left on base; Oklahoma State University 0 - Ohio State University 2 |
| TOP OF THE 5TH |
|
Oklahoma State University Cowboys batting - Pitching for Ohio State University Buckeyes : RHP Zinedine Lahlafi
|
|
Batting: LHB Vecdi Ertegun
|
0-0: Ground out 3-1 (Groundball, 34S, EV 88.8 MPH)
|
|
Batting: RHB Pedro Luera
|
0-0: Called Strike 0-1: Ball 1-1: SINGLE (Line Drive, 89S, EV 103.1 MPH)
|
|
Batting: LHB Gong Tow
|
0-0: Ball 1-0: Ball 2-0: Swinging Strike 2-1: Ball 3-1: Base on Balls Pedro Luera to second
|
|
Batting: LHB Jose Peralez
|
0-0: Ball 1-0: Ball 2-0: Foul Ball, location: 2F 2-1: 3-RUN HOME RUN (Line Drive, 89XD, EV 112.5 MPH), Distance : 427 ft
|
|
Batting: RHB Settan Nakamura
|
0-0: Ball 1-0: Ball 2-0: Ground out 6-3 (Groundball, 6, EV 86.9 MPH)
|
|
Batting: RHB Ji-an See-to
|
0-0: Ball 1-0: Ball 2-0: Ball 3-0: Base on Balls
|
|
Batting: RHB Ben Saxton
|
0-0: Ball 1-0: Foul Ball, location: 2F 1-1: Called Strike 1-2: Foul Ball, location: 2F 1-2: Ball 2-2: Strikes out looking
|
| Top of the 5th over - 3 runs, 2 hits, 0 errors, 1 left on base; Oklahoma State University 3 - Ohio State University 2 |
| BOTTOM OF THE 5TH |
|
Ohio State University Buckeyes batting - Pitching for Oklahoma State University Cowboys : RHP Justin Rubino
|
|
Batting: RHB John Britton
|
0-0: Fly out, F8 (Flyball, 8RD, EV 96.9 MPH)
|
|
Batting: RHB Dave Villarreal
|
0-0: Ball 1-0: Fly out, F8 (Flyball, 8RD, EV 99.4 MPH)
|
|
Batting: RHB Hikaru Nakata
|
0-0: Called Strike 0-1: Ball 1-1: Ball 2-1: Called Strike 2-2: Foul Ball, location: 2F 2-2: Foul Ball, location: 2F 2-2: Foul Ball, location: 2F 2-2: Ball 3-2: Foul Ball, location: 2F 3-2: Strikes out swinging, 2-3 out at first.
|
| Bottom of the 5th over - 0 runs, 0 hits, 0 errors, 0 left on base; Oklahoma State University 3 - Ohio State University 2 |
| TOP OF THE 6TH |
|
Oklahoma State University Cowboys batting - Pitching for Ohio State University Buckeyes : RHP Zinedine Lahlafi
|
|
Pitching: RHP Colt Robinson
|
|
|
Batting: LHB Rafael Banda
|
0-0: Called Strike 0-1: SINGLE (Line Drive, 7S, EV 104.4 MPH)
|
|
Batting: RHB Masakuni Takeuchi
|
0-0: Ball 1-0: Foul Ball, location: 2F 1-1: Foul Ball, location: 2F 1-2: Ball 2-2: Fly out, F8 (Flyball, 8RM, EV 91.9 MPH)
|
|
Batting: LHB Vecdi Ertegun
|
0-0: Ball 1-0: Fielders Choice at 2nd, 4-6 (Groundball, 34, EV 105.6 MPH)
|
|
Batting: RHB Pedro Luera
|
0-0: Called Strike 0-1: Foul Ball, location: 2F 0-2: Foul Ball, location: 2F 0-2: Fielders Choice at 2nd, 6-4 (Groundball, 6, EV 104.4 MPH)
|
| Top of the 6th over - 0 runs, 1 hit, 0 errors, 1 left on base; Oklahoma State University 3 - Ohio State University 2 |
| BOTTOM OF THE 6TH |
|
Ohio State University Buckeyes batting - Pitching for Oklahoma State University Cowboys : RHP Justin Rubino
|
|
Batting: RHB Aaron Burnet
|
0-0: Called Strike 0-1: SINGLE (Groundball, 56D, EV 95.6 MPH)
|
|
Batting: SHB Ken Griffey IV
|
0-0: Ball 1-0: Foul Ball, location: 2F 1-1: Called Strike 1-2: 2-RUN HOME RUN (Flyball, 7LD, EV 94.4 MPH), Distance : 342 ft
|
|
Batting: LHB Ben Roth
|
0-0: Called Strike 0-1: Ball 1-1: Foul Ball, location: 2F 1-2: Ball 2-2: Ball 3-2: SINGLE (Groundball, 3D, EV 113.1 MPH)
|
|
Pitching: RHP Chris Nightingale
|
|
|
Batting: RHB Hugo Chavez
|
0-0: Ball 1-0: Fly out, F7 (Line Drive, 7, EV 95.0 MPH)
|
|
Batting: RHB Michihisa Tanaka
|
0-0: Foul Ball, location: 2F 0-1: Ball 1-1: Swinging Strike 1-2: Strikes out looking
|
|
Batting: RHB Jeff Standridge
|
0-0: Called Strike 0-1: Ball 1-1: Foul Ball, location: 2F 1-2: Ball 2-2: Ball 3-2: Base on Balls Ben Roth to second
|
|
Batting: RHB John Britton
|
0-0: Called Strike 0-1: Foul Ball, location: 2F 0-2: Foul Ball, location: 2F 0-2: Foul Ball, location: 2F 0-2: Strikes out swinging
|
| Bottom of the 6th over - 2 runs, 3 hits, 0 errors, 2 left on base; Oklahoma State University 3 - Ohio State University 4 |
| TOP OF THE 7TH |
|
Oklahoma State University Cowboys batting - Pitching for Ohio State University Buckeyes : RHP Colt Robinson
|
|
Batting: LHB Gong Tow
|
0-0: Foul Ball, location: 2F 0-1: Fly out, F8 (Flyball, 8LM, EV 87.5 MPH)
|
|
Batting: LHB Jose Peralez
|
0-0: Ball 1-0: Ball 2-0: DOUBLE (Line Drive, 9LS, EV 95.0 MPH)
|
|
Pinch Hitting: RHB Mennad Maalik
|
0-0: Ball 1-0: Ball 2-0: Ball 3-0: Called Strike 3-1: Base on Balls
|
|
Batting: RHB Ji-an See-to
|
0-0: 3-RUN HOME RUN (Flyball, 7D, EV 100.6 MPH), Distance : 370 ft
|
|
Pitching: RHP Austin Reitz
|
|
|
Batting: RHB Ben Saxton
|
0-0: Swinging Strike 0-1: Ball 1-1: Ball 2-1: Swinging Strike 2-2: Ball 3-2: DOUBLE (Line Drive, 78XD, EV 98.8 MPH)
|
|
Batting: LHB Rafael Banda
|
0-0: Foul Ball, location: 2F 0-1: Ball 1-1: SINGLE (Groundball, 34D, EV 98.8 MPH) Ben Saxton to third Runner from 3rd tries for Home, SAFE, throw by RF to home Rafael Banda to second
|
|
Batting: RHB Masakuni Takeuchi
|
0-0: Ball 1-0: Ball 2-0: Ball 3-0: Called Strike 3-1: Base on Balls
|
|
Batting: LHB Vecdi Ertegun
|
0-0: Ball Wild Pitch! Rafael Banda to third Masakuni Takeuchi to second 1-0: Foul Ball, location: 2F 1-1: Ball 2-1: Foul Ball, location: 2F 2-2: Strikes out looking
|
|
Batting: RHB Pedro Luera
|
0-0: Foul Ball, location: 2F 0-1: Foul Ball, location: 2F 0-2: Ball 1-2: Strikes out looking
|
| Top of the 7th over - 4 runs, 4 hits, 0 errors, 2 left on base; Oklahoma State University 7 - Ohio State University 4 |
| BOTTOM OF THE 7TH |
|
Ohio State University Buckeyes batting - Pitching for Oklahoma State University Cowboys : RHP Chris Nightingale
|
|
Now at 2B: Ivan Torres
|
|
|
Batting: RHB Dave Villarreal
|
0-0: Foul Ball, location: 2F 0-1: Foul Ball, location: 2F 0-2: Foul Ball, location: 2F 0-2: Foul Ball, location: 2F 0-2: Single, Error in OF, E8, batter to second base (Groundball, 4MD, EV 100.6 MPH)
|
|
Batting: RHB Hikaru Nakata
|
0-0: Ball 1-0: Foul Ball, location: 2F 1-1: Called Strike 1-2: 2-RUN HOME RUN (Flyball, 9D, EV 100.0 MPH), Distance : 372 ft
|
|
Pinch Hitting: RHB Tony Vasquez
|
0-0: Fly out, F7 (Flyball, 7S, EV 85.0 MPH)
|
|
Batting: SHB Ken Griffey IV
|
0-0: Called Strike 0-1: Swinging Strike 0-2: Ball 1-2: Strikes out swinging
|
|
Batting: LHB Ben Roth
|
0-0: Ball 1-0: Foul Ball, location: 2F 1-1: Ball 2-1: SOLO HOME RUN (Flyball, 89XD, EV 101.2 MPH), Distance : 415 ft
|
|
Pitching: RHP Bin Li
|
|
|
Batting: RHB Hugo Chavez
|
0-0: Ball 1-0: Ground out 6-3 (Groundball, 6, EV 107.5 MPH)
|
| Bottom of the 7th over - 3 runs, 3 hits, 1 error, 0 left on base; Oklahoma State University 7 - Ohio State University 7 |
| TOP OF THE 8TH |
|
Oklahoma State University Cowboys batting - Pitching for Ohio State University Buckeyes : RHP Austin Reitz
|
|
Now in LF: Edwin Vasquez
|
|
|
Batting: LHB Gong Tow
|
0-0: Ball 1-0: Ball 2-0: Ball 3-0: Called Strike 3-1: Fly out, F7 (Flyball, 7D, EV 93.1 MPH)
|
|
Batting: LHB Jose Peralez
|
0-0: Called Strike 0-1: Ball 1-1: Foul Ball, location: 2F 1-2: Ball 2-2: DOUBLE (Line Drive, 3D, EV 105.0 MPH)
|
|
Batting: RHB Ivan Torres
|
0-0: Called Strike 0-1: Ball 1-1: Ball 2-1: Ball 3-1: Ground out 6-3 (Groundball, 6, EV 101.9 MPH)
|
|
Pitching: LHP Neil McKibben
|
|
|
Batting: RHB Ji-an See-to
|
0-0: Called Strike 0-1: Foul Ball, location: 2F 0-2: Strikes out swinging
|
| Top of the 8th over - 0 runs, 1 hit, 0 errors, 1 left on base; Oklahoma State University 7 - Ohio State University 7 |
| BOTTOM OF THE 8TH |
|
Ohio State University Buckeyes batting - Pitching for Oklahoma State University Cowboys : RHP Bin Li
|
|
Batting: RHB Michihisa Tanaka
|
0-0: Called Strike 0-1: Foul Ball, location: 2F 0-2: Strikes out looking
|
|
Pinch Hitting: LHB Ricardo Torres
|
0-0: Foul Ball, location: 2F 0-1: Ball 1-1: Ball 2-1: Fly out, F9 (Flyball, 9, EV 75.0 MPH)
|
|
Batting: RHB John Britton
|
0-0: Called Strike 0-1: Ball 1-1: Ball 2-1: Foul Ball, location: 2F 2-2: Ball 3-2: Fly out, F9 (Flyball, 89M, EV 76.2 MPH)
|
| Bottom of the 8th over - 0 runs, 0 hits, 0 errors, 0 left on base; Oklahoma State University 7 - Ohio State University 7 |
| TOP OF THE 9TH |
|
Oklahoma State University Cowboys batting - Pitching for Ohio State University Buckeyes : LHP Neil McKibben
|
|
Now at 2B: Mike Vaughan
|
|
|
Batting: RHB Ben Saxton
|
0-0: Ball 1-0: Called Strike 1-1: Ball 2-1: Foul Ball, location: 2F 2-2: Foul Ball, location: 2F 2-2: Ball 3-2: Foul Ball, location: 2F 3-2: Base on Balls
|
|
Batting: LHB Rafael Banda
|
0-0: Foul Ball, location: 2F 0-1: Ball 1-1: Fielders Choice at 2nd, 4-6 (Groundball, 4, EV 85.6 MPH)
|
|
Batting: RHB Masakuni Takeuchi
|
0-0: Foul Ball, location: 2F 0-1: Fly out, F8 (Flyball, 8RM, EV 76.2 MPH)
|
|
Batting: LHB Vecdi Ertegun
|
0-0: Ball 1-0: Fly out, F8 (Line Drive, 78M, EV 88.8 MPH)
|
| Top of the 9th over - 0 runs, 0 hits, 0 errors, 1 left on base; Oklahoma State University 7 - Ohio State University 7 |
| BOTTOM OF THE 9TH |
|
Ohio State University Buckeyes batting - Pitching for Oklahoma State University Cowboys : RHP Bin Li
|
|
Pitching: RHP Yorinobu Matsumoto
|
|
|
Batting: RHB Dave Villarreal
|
0-0: Ball 1-0: Fly out, F5 (Line Drive, 56, EV 71.9 MPH)
|
|
Batting: RHB Hikaru Nakata
|
0-0: Ball 1-0: Called Strike 1-1: Ball 2-1: SINGLE (Groundball, 56D, EV 101.9 MPH)
|
|
Batting: LHB Edwin Vasquez
|
0-0: Ball 1-0: Ball Hikaru Nakata steals 2nd base (no throw) 2-0: Called Strike 2-1: Called Strike 2-2: Strikes out swinging
|
|
Batting: SHB Ken Griffey IV
|
0-0: Foul Ball, location: 2F 0-1: Called Strike 0-2: Ball 1-2: Ground out 5-3 (Groundball, 56, EV 83.1 MPH)
|
| Bottom of the 9th over - 0 runs, 1 hit, 0 errors, 1 left on base; Oklahoma State University 7 - Ohio State University 7 |
| TOP OF THE 10TH |
|
Oklahoma State University Cowboys batting - Pitching for Ohio State University Buckeyes : LHP Neil McKibben
|
|
Batting: RHB Pedro Luera
|
0-0: Foul Ball, location: 2F 0-1: Ball 1-1: Swinging Strike 1-2: Ball 2-2: Strikes out swinging
|
|
Pinch Hitting: RHB Armando Moreno
|
0-0: Called Strike 0-1: Swinging Strike 0-2: Ball 1-2: Strikes out looking
|
|
Batting: LHB Jose Peralez
|
0-0: Ball 1-0: Called Strike 1-1: Ground out 3-1 (Groundball, 34, EV 108.1 MPH)
|
| Top of the 10th over - 0 runs, 0 hits, 0 errors, 0 left on base; Oklahoma State University 7 - Ohio State University 7 |
| BOTTOM OF THE 10TH |
|
Ohio State University Buckeyes batting - Pitching for Oklahoma State University Cowboys : RHP Yorinobu Matsumoto
|
|
Now in LF: Rafael Banda
|
|
|
Now in RF: Armando Moreno
|
|
|
Batting: LHB Ben Roth
|
0-0: SINGLE (Flyball, 8RS, EV 91.9 MPH)
|
|
Batting: RHB Hugo Chavez
|
0-0: Grounds into double play, 6-4-3 (Groundball, 6, EV 103.8 MPH)
|
|
Batting: RHB Michihisa Tanaka
|
0-0: Ball 1-0: DOUBLE (Line Drive, 78D, EV 110.6 MPH)
|
|
Batting: RHB Mike Vaughan
|
0-0: Foul Ball, location: 2F 0-1: Fly out, F7 (Flyball, 7D, EV 83.1 MPH)
|
| Bottom of the 10th over - 0 runs, 2 hits, 0 errors, 1 left on base; Oklahoma State University 7 - Ohio State University 7 |
| TOP OF THE 11TH |
|
Oklahoma State University Cowboys batting - Pitching for Ohio State University Buckeyes : LHP Neil McKibben
|
|
Pitching: RHP Max Carter
|
|
|
Batting: RHB Ivan Torres
|
0-0: Ball 1-0: Ball 2-0: Ball 3-0: Called Strike 3-1: Base on Balls
|
|
Batting: RHB Ji-an See-to
|
0-0: Fly out, F4 (Flyball, 34D, EV 88.8 MPH)
|
|
Batting: RHB Ben Saxton
|
0-0: Ball 1-0: Swinging Strike 1-1: Swinging Strike 1-2: Ball 2-2: Foul Ball, location: 2F 2-2: Fly out, F8 (Flyball, 78M, EV 96.2 MPH)
|
|
Batting: LHB Rafael Banda
|
0-0: Called Strike 0-1: Fly out, F4 (Line Drive, 4M, EV 68.1 MPH)
|
| Top of the 11th over - 0 runs, 0 hits, 0 errors, 1 left on base; Oklahoma State University 7 - Ohio State University 7 |
| BOTTOM OF THE 11TH |
|
Ohio State University Buckeyes batting - Pitching for Oklahoma State University Cowboys : RHP Yorinobu Matsumoto
|
|
Batting: RHB John Britton
|
0-0: Called Strike 0-1: Ball 1-1: Ball 2-1: Foul Ball, location: 2F 2-2: Foul Ball, location: 2F 2-2: Strikes out swinging
|
|
Batting: RHB Dave Villarreal
|
0-0: Ball 1-0: Swinging Strike 1-1: Called Strike 1-2: Ball 2-2: Ball 3-2: Fly out, F8 (Flyball, 8LM, EV 90.0 MPH)
|
|
Batting: RHB Hikaru Nakata
|
0-0: Ball 1-0: Ball 2-0: Called Strike 2-1: Ball 3-1: Called Strike 3-2: Base on Balls
|
|
Pitching: RHP Chang-wei Quian
|
|
|
Batting: LHB Edwin Vasquez
|
0-0: Foul Ball, location: 2F 0-1: Foul Ball, location: 2F 0-2: Strikes out swinging
|
| Bottom of the 11th over - 0 runs, 0 hits, 0 errors, 1 left on base; Oklahoma State University 7 - Ohio State University 7 |
| TOP OF THE 12TH |
|
Oklahoma State University Cowboys batting - Pitching for Ohio State University Buckeyes : RHP Max Carter
|
|
Batting: RHB Masakuni Takeuchi
|
0-0: Ball 1-0: Swinging Strike 1-1: Foul Ball, location: 2F 1-2: Foul Ball, location: 2F 1-2: Foul Ball, location: 2F 1-2: Foul Ball, location: 2F 1-2: Foul Ball, location: 2F 1-2: Strikes out swinging
|
|
Batting: LHB Vecdi Ertegun
|
0-0: Foul Ball, location: 2F 0-1: Fly out, F4 (Popup, 3D, EV 51.2 MPH)
|
|
Batting: RHB Pedro Luera
|
0-0: Ball 1-0: Ball 2-0: Ball 3-0: Called Strike 3-1: Called Strike 3-2: DOUBLE (Line Drive, 8LD, EV 106.9 MPH)
|
|
Batting: RHB Armando Moreno
|
0-0: Intentional Walk
|
|
Batting: LHB Jose Peralez
|
0-0: Foul Ball, location: 2F 0-1: Ball 1-1: Ball Wild Pitch! Pedro Luera to third Armando Moreno to second 2-1: Fly out, F6 (Popup, 6MD, EV 73.1 MPH)
|
| Top of the 12th over - 0 runs, 1 hit, 0 errors, 2 left on base; Oklahoma State University 7 - Ohio State University 7 |
| BOTTOM OF THE 12TH |
|
Ohio State University Buckeyes batting - Pitching for Oklahoma State University Cowboys : RHP Chang-wei Quian
|
|
Pitching: RHP Andrew Dopp
|
|
|
Batting: SHB Ken Griffey IV
|
0-0: Ball 1-0: Called Strike 1-1: Fly out, F9 (Flyball, 9, EV 90.0 MPH)
|
|
Batting: LHB Ben Roth
|
0-0: Foul Ball, location: 2F 0-1: Swinging Strike 0-2: Strikes out swinging
|
|
Batting: RHB Hugo Chavez
|
0-0: DOUBLE (Groundball, 5L, EV 103.8 MPH)
|
|
Batting: RHB Michihisa Tanaka
|
0-0: Foul Ball, location: 2F 0-1: Fly out, F8 (Flyball, 8RM, EV 94.4 MPH)
|
| Bottom of the 12th over - 0 runs, 1 hit, 0 errors, 1 left on base; Oklahoma State University 7 - Ohio State University 7 |
| TOP OF THE 13TH |
|
Oklahoma State University Cowboys batting - Pitching for Ohio State University Buckeyes : RHP Max Carter
|
|
Pitching: RHP Jose Ortiz
|
|
|
Batting: RHB Ivan Torres
|
0-0: Foul Ball, location: 2F 0-1: Ball 1-1: Ball 2-1: Foul Ball, location: 2F 2-2: Foul Ball, location: 2F 2-2: Strikes out swinging
|
|
Batting: RHB Ji-an See-to
|
0-0: Foul Ball, location: 2F 0-1: Ball 1-1: Swinging Strike 1-2: Ball 2-2: Foul Ball, location: 2F 2-2: SINGLE (Flyball, 8RS, EV 93.8 MPH)
|
|
Batting: RHB Ben Saxton
|
0-0: Called Strike 0-1: Fly out, F8 (Flyball, 8RD, EV 90.6 MPH)
|
|
Batting: LHB Rafael Banda
|
0-0: Called Strike Passed Ball! Ji-an See-to to second 0-1: Ball 1-1: Called Strike 1-2: Ball 2-2: Foul Ball, location: 2F 2-2: Strikes out swinging
|
| Top of the 13th over - 0 runs, 1 hit, 0 errors, 1 left on base; Oklahoma State University 7 - Ohio State University 7 |
| BOTTOM OF THE 13TH |
|
Ohio State University Buckeyes batting - Pitching for Oklahoma State University Cowboys : RHP Andrew Dopp
|
|
Batting: RHB Mike Vaughan
|
0-0: Ball 1-0: Ball 2-0: Swinging Strike 2-1: Ball 3-1: Swinging Strike 3-2: SINGLE (Groundball, 34D, EV 100.0 MPH)
|
|
Batting: RHB John Britton
|
0-0: Bunted foul 0-1: Sac Bunt to 15 - play at first, batter OUT! 1-3 Mike Vaughan to second
|
|
Batting: RHB Dave Villarreal
|
0-0: Called Strike 0-1: Ball 1-1: Called Strike 1-2: Ball 2-2: Ball 3-2: Fly out, F9 (Flyball, 9D, EV 108.1 MPH) Runner from 2nd tags up, SAFE at 3rd, no throw by RF
|
|
Batting: RHB Hikaru Nakata
|
0-0: Intentional Walk
|
|
Pitching: RHP Franck Basset
|
|
|
Batting: LHB Edwin Vasquez
|
0-0: Ball Hikaru Nakata steals 2nd base (no throw) 1-0: Ball 2-0: Ball 3-0: Called Strike 3-1: Base on Balls
|
|
Batting: SHB Ken Griffey IV
|
0-0: Ball 1-0: Called Strike 1-1: Foul Ball, location: 2F 1-2: Ball 2-2: GRAND SLAM HOME RUN (Flyball, 9LD, EV 98.1 MPH), Distance : 351 ft
|
| Bottom of the 13th over - 4 runs, 2 hits, 0 errors, 0 left on base; Oklahoma State University 7 - Ohio State University 11 |
|